 Dungeon Sprint DCSS version 0.22-a0-614-g34fbaa0 (webtiles) character file.

16100000 Krakonus1 the Axe Maniac (level 27, -91/273 HPs)
             Began as a Centaur Gladiator on July 18, 2018.
             Was the Champion of Makhleb.
             Annihilated by a destroyer
             ... wielding a +9 great sword of slicing
              (190 damage)
             ... in the Dungeon (Sprint VIII: "Arena of Blood").
             The game lasted 00:08:05 (161 turns).

Krakonus1 the Axe Maniac (Centaur Gladiator)         Turns: 161, Time: 00:08:05

Health: -91/273    AC: 10    Str: 19    XL:     27
Magic:  46/54      EV: 33    Int:  7    God:    Makhleb [******]
Gold:   0          SH:  0    Dex: 22    Spells: 80/80 levels left

rFire    . . .     SeeInvis .   l - +∞ Axe of Woe
rCold    . . .     Gourm    .   (shield currently unavailable)
rNeg     . . .     Faith    .   b - +0 leather armour
rPois    .         Spirit   .   c - +0 helmet
rElec    .         Reflect  .   (no cloak)
rCorr    .         Harm     .   (no gloves)
MR       ++...     NoTele   +   (no barding)
Stlth    +++++++++.             (no amulet)
HPRegen  0.55/turn              (no ring)
MPRegen  0.34/turn              (no ring)

@: very slightly contaminated, slowed
A: large, hooves 3, deformed body, speed 2, tough skin 3
a: Minor Destruction, Lesser Servant of Makhleb, Major Destruction, Greater
Servant of Makhleb, Renounce Religion


You were in the Dungeon.
You worshipped Makhleb.
Makhleb was exalted by your worship.
You were not hungry.

You visited 1 branch

Inventory:

Hand Weapons
 a - a +0 war axe
 l - the +∞ Axe of Woe (weapon)
   (You found it in the Dungeon)
Missiles
 d - 3 throwing nets (quivered)
Armour
 b - a +0 leather armour (worn)
 c - a +0 helmet (worn)
Jewellery
 m - a +30 ring of slaying
Potions
 e - a potion of curing
 g - a potion of heal wounds
 i - 2 potions of magic
 j - a potion of berserk rage
Comestibles
 f - a ration


   Skills:
 O Level 27 Fighting
 O Level 27 Axes
 O Level 27 Throwing
 O Level 27 Armour
 O Level 27 Dodging
 O Level 27 Stealth
 O Level 27 Unarmed Combat
 O Level 27 Spellcasting
 O Level 27 Invocations


You had 80 spell levels left.
You didn't know any spells.
Your spell library was empty.

Dungeon Overview and Level Annotations

Branches:
Dungeon (1/1)

Altars:
Makhleb


Innate Abilities, Weirdness & Mutations

You have hooves in place of feet.
Armour fits poorly on your strangely shaped body.
You cover ground very quickly.
You have extremely tough skin. (AC +3)


Message History

Makhleb accepts your kill.
A meat beast comes into view.
You hear a shout! x2
The meat berserker rages.
A scourge comes into view.
You feel something staring at you.
A bolt of fire appears from out of thin air!
Deactivating autopickup; reactivate with Ctrl-A.
The bolt of fire hits you!
The meat berserker hits you with a +9 battleaxe!!
You hear a shout! x2
The dread calls on the powers of darkness!
The meat berserker convulses! x2; The large bag of meat convulses!
The meat berserker convulses!
Your body is wracked with pain!
The bag of meat convulses! x3; The scourge convulses!
The bag of meat convulses!
The large bag of meat convulses!
The bag of meat convulses!
The bag of meat completely misses you.
The destroyer hits you with a +9 great sword of slicing!!!!!
Ouch! That really hurt!
You die...

....#..)..#.).....#)#........
....#_.<._#........).........
....#..))o#......#.#.#.......
.....%)_))..%....).).........
......###).......)#)#.#..#...
.###... ...###{.....))..#....
#... ...#.......§)§)..#.
#.....S.#...oV)..§§).#....
..o ......OOO@).§§))...... ..
.....O.W.#...#......##.
.oLL.#..§.#.....##
o..##oo...#.....# .O
O.....#....##.. 2
o..###....#. .. .... ..#...
.. ..... .. ..


You could see a meat beast (wandering), 2 tyrants, a destroyer, a scourge, 2
large bags of meat, a dread, 3 meat berserkers and 6 bags of meat.

Vanquished Creatures
  6 hell knights (D)
  Sigmund (D)
  7 hell beasts (D)
  A greater mummy (D)
  A great orb of eyes (D)
  6 wraiths (D)
  Harold (D)
  16 vampire knights (D)
  36 ogres (D)
  7 two-headed ogres (D)
  6 liches (D)
  2 hydras (D)
  72 orcs (D)
  6 phantoms (D)
  3 skeletal warriors (D)
  2 sea snakes (D)
  5 large abominations (D)
  A small abomination (D)
  3 crawling corpses (D)
182 creatures vanquished.

Vanquished Creatures (others)
  A great orb of eyes (D)
  6 crawling corpses (D)
7 creatures vanquished.

Grand Total: 189 creatures vanquished

Notes
Turn   | Place    | Note
-------+----------+-------------------------------------------
     0 | D        | Found the +∞ Axe of Woe
     0 | D        | Krakonus1 the Centaur Gladiator began the quest for the Orb.
     0 | D        | Reached XP level 1. HP: 17/17 MP: 1/1
     2 | D        | Noticed a meat berserker
     4 | D        | Killed a meat berserker
     4 | D        | Reached skill level 27 in Axes
     4 | D        | Reached XP level 2. HP: 34/34 MP: 2/2
     4 | D        | Reached XP level 3. HP: 39/39 MP: 3/3
     4 | D        | Reached XP level 4. HP: 47/47 MP: 4/4
     4 | D        | Reached XP level 5. HP: 52/52 MP: 5/5
     4 | D        | Reached XP level 6. HP: 60/60 MP: 6/6
     4 | D        | Reached XP level 7. HP: 66/66 MP: 7/7
     4 | D        | Reached XP level 8. HP: 73/73 MP: 8/8
     4 | D        | Reached XP level 9. HP: 79/79 MP: 9/9
     4 | D        | Reached XP level 10. HP: 86/86 MP: 10/10
     4 | D        | Reached XP level 11. HP: 92/92 MP: 11/11
     4 | D        | Reached XP level 12. HP: 100/100 MP: 12/12
     4 | D        | Reached XP level 13. HP: 105/105 MP: 13/13
     5 | D        | Became a worshipper of Makhleb the Destroyer
     8 | D        | Noticed a bag of meat
     8 | D        | Noticed a bag of meat
     8 | D        | Noticed a bag of meat
     9 | D        | Noticed a bag of meat
    10 | D        | Killed a bag of meat
    11 | D        | Noticed a bag of meat
    11 | D        | Noticed a bag of meat
    13 | D        | Noticed a bag of meat
    14 | D        | Noticed a bag of meat
    14 | D        | Noticed a bag of meat
    14 | D        | Noticed a meat berserker
    15 | D        | Killed a bag of meat
    15 | D        | Reached * piety under Makhleb
    15 | D        | Reached XP level 14. HP: 151/151 MP: 14/14
    15 | D        | Noticed a meat berserker
    16 | D        | Noticed a meat berserker
    17 | D        | Killed a bag of meat
    18 | D        | Noticed a bag of meat
    18 | D        | Noticed a bag of meat
    18 | D        | Noticed a large bag of meat
    18 | D        | Noticed a meat berserker
    18 | D        | Noticed a meat berserker
    18 | D        | Noticed a meat berserker
    19 | D        | Killed a meat berserker
    19 | D        | Reached skill level 27 in Fighting
    19 | D        | Reached XP level 15. HP: 174/174 MP: 15/15
    20 | D        | Killed a meat berserker
    20 | D        | Reached ** piety under Makhleb
    20 | D        | Reached XP level 16. HP: 183/183 MP: 16/16
    20 | D        | Reached skill level 20 in Dodging
    22 | D        | Killed a meat berserker
    22 | D        | Reached *** piety under Makhleb
    22 | D        | Reached XP level 17. HP: 191/191 MP: 17/17
    23 | D        | Killed a meat berserker
    23 | D        | Reached skill level 27 in Dodging
    23 | D        | Killed a meat berserker
    23 | D        | Reached XP level 18. HP: 200/200 MP: 18/18
    23 | D        | Killed a meat berserker
    23 | D        | Reached **** piety under Makhleb
    25 | D        | Reached XP level 19. HP: 207/207 MP: 19/19
    27 | D        | Reached skill level 27 in Armour
    29 | D        | Reached ***** piety under Makhleb
    29 | D        | Noticed a large bag of meat
    30 | D        | Reached skill level 15 in Stealth
    31 | D        | Reached skill level 20 in Stealth
    31 | D        | Reached XP level 20. HP: 216/216 MP: 20/20
    32 | D        | Noticed a destroyer
    33 | D        | Noticed a destroyer
    34 | D        | Noticed a destroyer
    35 | D        | Noticed a meat berserker
    35 | D        | Noticed a destroyer
    35 | D        | Noticed a large bag of meat
    35 | D        | HP: 13/216 [destroyer/+9 great sword of slicing (48)]
    35 | D        | HP: 4/216 [destroyer/+9 great sword of slicing (9)]
    35 | D        | Noticed a destroyer
    36 | D        | Killed a destroyer
    36 | D        | Killed a destroyer
    36 | D        | Reached skill level 27 in Stealth
    36 | D        | Reached skill level 5 in Unarmed Combat
    36 | D        | Reached XP level 21. HP: 130/224 MP: 20/27
    36 | D        | Noticed a destroyer
    37 | D        | Reached skill level 10 in Throwing
    37 | D        | Reached skill level 10 in Invocations
    37 | D        | Killed a large bag of meat
    37 | D        | Reached ****** piety under Makhleb
    37 | D        | Reached skill level 10 in Spellcasting
    37 | D        | Noticed The Servant
    39 | D        | Noticed a destroyer
    40 | D        | Noticed a destroyer
    41 | D        | Killed a destroyer
    41 | D        | Reached skill level 15 in Spellcasting
    41 | D        | Reached XP level 22. HP: 233/233 MP: 20/41
    41 | D        | Noticed a destroyer
    42 | D        | Killed a destroyer
    42 | D        | Reached XP level 23. HP: 240/240 MP: 20/46
    42 | D        | Reached skill level 20 in Spellcasting
    42 | D        | Killed a large bag of meat
    42 | D        | Reached skill level 27 in Throwing
    42 | D        | Reached skill level 27 in Invocations
    42 | D        | Killed a destroyer
    42 | D        | Reached skill level 27 in Unarmed Combat
    43 | D        | Reached skill level 27 in Spellcasting
    43 | D        | Reached XP level 24. HP: 249/249 MP: 21/54
    43 | D        | Noticed a destroyer
    44 | D        | Noticed a destroyer
    45 | D        | Killed a destroyer
    45 | D        | Killed a destroyer
    45 | D        | Noticed a large bag of meat
    46 | D        | Killed a destroyer
    46 | D        | Reached XP level 25. HP: 257/257 MP: 21/54
    47 | D        | Killed a large bag of meat
    47 | D        | Noticed a destroyer
    47 | D        | Noticed a tyrant
    49 | D        | Reached XP level 26. HP: 266/266 MP: 22/54
    50 | D        | Noticed a destroyer
    50 | D        | Noticed a destroyer
    51 | D        | Killed a destroyer
    52 | D        | Killed a destroyer
    52 | D        | Reached XP level 27. HP: 273/273 MP: 23/54
    58 | D        | Killed a destroyer
    59 | D        | Noticed an accursed
    61 | D        | Killed a large bag of meat
    63 | D        | Killed a tyrant
    63 | D        | Killed a destroyer
    63 | D        | Noticed a tyrant
    70 | D        | Killed a destroyer
    73 | D        | Noticed a tyrant
    74 | D        | Killed a tyrant
    74 | D        | Killed an accursed
    75 | D        | Noticed a dread
    76 | D        | Killed a destroyer
    77 | D        | Noticed a dread
    77 | D        | Noticed a meat beast
    77 | D        | Noticed a meat beast
    78 | D        | Killed The Servant
    78 | D        | Noticed a dread
    79 | D        | Killed a meat beast
    79 | D        | Noticed a large bag of meat
    82 | D        | Killed a tyrant
    83 | D        | Killed a meat beast
    85 | D        | HP: 26/273 [??? (23)]
    86 | D        | Killed a dread
    90 | D        | Killed a dread
    92 | D        | Killed a large bag of meat
    92 | D        | Noticed a dread
    94 | D        | Noticed a tyrant
    95 | D        | Killed a dread
    98 | D        | Noticed a meat beast
   101 | D        | Killed a tyrant
   104 | D        | Killed a meat beast
   105 | D        | Noticed a tyrant
   111 | D        | Noticed a large bag of meat
   112 | D        | Noticed The Captor
   115 | D        | Killed a tyrant
   117 | D        | Noticed a tyrant
   118 | D        | Noticed a meat beast
   119 | D        | Killed a large bag of meat
   123 | D        | Killed a dread
   124 | D        | Noticed a fleshlord
   126 | D        | Noticed a fleshlord
   127 | D        | Noticed a meat beast
   128 | D        | Noticed a dread
   129 | D        | Killed a meat beast
   130 | D        | Noticed a meat beast
   130 | D        | Noticed a destroyer
   132 | D        | Killed The Captor
   136 | D        | Killed a tyrant
   138 | D        | Killed a meat beast
   138 | D        | Noticed a dread
   139 | D        | Killed a destroyer
   139 | D        | Killed a meat beast
   141 | D        | Noticed a large bag of meat
   141 | D        | Noticed a fleshlord
   142 | D        | Killed a dread
   143 | D        | Noticed a fleshlord
   144 | D        | Noticed a fleshlord
   146 | D        | Noticed a destroyer
   148 | D        | Killed a destroyer
   148 | D        | Killed a fleshlord
   149 | D        | Killed a fleshlord
   149 | D        | Noticed a fleshlord
   150 | D        | Killed a dread
   151 | D        | Killed a fleshlord
   151 | D        | Noticed a fleshlord
   153 | D        | Noticed a destroyer
   154 | D        | Noticed a meat beast
   155 | D        | Killed a fleshlord
   155 | D        | Killed a large bag of meat
   155 | D        | Noticed an accursed
   156 | D        | Noticed a large bag of meat
   157 | D        | Noticed a dread
   158 | D        | Killed a meat beast
   158 | D        | Noticed a tyrant
   159 | D        | Noticed a tyrant
   161 | D        | Killed a fleshlord
   161 | D        | Killed a fleshlord
   161 | D        | Noticed a meat beast
   161 | D        | Annihilated by a destroyer

Vault maps used:
D:        meatsprint

Skill      XL: |  1  2  3  4  5  6  7  8  9 10 11 12 13 14 15 16 17 18 19 20 21 22 23 |
---------------+----------------------------------------------------------------------+-----
Axes           | 27 | 27.0
Fighting       | 7 21 27 | 27.0
Dodging        | 11 18 25 27 | 27.0
Armour         | 19 24 27 | 27.0
Stealth        | 20 27 | 27.0
Throwing       | 6 21 25 27 | 27.0
Unarmed Combat | 5 19 24 27 | 27.0
Spellcasting   | 4 15 19 27 | 27.0
Invocations    | 6 21 25 27 | 27.0

Action                   |  1- 3 |  4- 6 |  7- 9 | 10-12 | 13-15 | 16-18 | 19-21 | 22-24 | 25-27 || total
-------------------------+-------+-------+-------+-------+-------+-------+-------+-------+-------++-------
Melee: Executioner's axe |     1 |       |       |       |     5 |     4 |     9 |     4 |    73 ||    96
  Use: Scroll            |       |       |       |       |       |       |       |       |     1 ||     1
       Potion            |       |       |       |       |       |       |       |       |     1 ||     1
Armor: Leather armour    |       |       |       |       |       |       |       |       |     2 ||     2
Dodge: Dodged            |       |       |       |       |       |       |       |       |    13 ||    13

Table legend:
 A = Spawn XP
 B = Non-spawn XP
 C = Spawn XP percentage of total XP
 D = Spawn monster count
 E = Non-spawn monster count
 F = Spawn count percentage of total count
 G = Total turns spent on level
                    A         B        C        D         E        F      G
               +---------+---------+-------+---------+---------+-------+---------
         Total |       0 | 5999720 |   0.0 |       0 |     178 |   0.0 |   161
               +---------+---------+-------+---------+---------+-------+---------
             D |       0 | 5999720 |   0.0 |       0 |     178 |   0.0 |   161
               +---------+---------+-------+---------+---------+-------+---------
